 Dungeon Crawl Stone Soup version 0.29.1-15-g9cfb28693d (webtiles) character file.

Game seed: 14407265247410080500

17986 cdecastro the Severer (level 12, 0/112 HPs)
             Began as a Minotaur Fighter on Mar 8, 2023.
             Was a High Priest of Ashenzari.
             Slain by a minotaur
             ... wielding the +7 Singing Sword {vorpal, sonic wave}
              (2 damage)
             ... in a Gauntlet on Mar 9, 2023.
             The game lasted 00:42:46 (13335 turns).

cdecastro the Severer (Minotaur Fighter)           Turns: 13335, Time: 00:42:47

Health: 0/112      AC: 19    Str: 25    XL:     12   Next: 23%
Magic:  11/11      EV: 10    Int:  8    God:    Ashenzari [*****.]
Gold:   426        SH:  6    Dex: 11    Spells: 11/11 levels left

rFire   . . .      SeeInvis +   V - +8 mace of the Shifting Gods {venom, rPois rC+}
rCold   + . .      Faith    .   c - +0 buckler of Curses and Power {Elem, Evo} (curse)
rNeg    . . .      Spirit   .   f - +0 chain mail of Ashenzari's Pleiades {Evo, Bglg} (curse)
rPois   +          Reflect  .   M - +1 hat {Int+3}
rElec   .          Harm     .   C - +2 cloak "Share My Seer" {Comp, Melee} (curse)
rCorr   +          Rampage  .   s - +0 pair of gloves of Ashenzari's Adversity {Alch, Self} (curse)
Will    +....      Clarity  +   b - +1 pair of boots "Chained With Me" {Cun, Elem} (curse)
Stlth   .......... NoTele   +   u - amulet "Cryptic Seeker" {Regen+, Melee, Fort} (curse)
HPRegen 1.08/turn               w - ring "Adversity of Ashenzari" {Will+, Evo, Elem} (curse)
MPRegen 0.12/turn               G - ring of the Unyielding Gaze {rCorr, Fort, Comp} (curse)

@: invisible
A: horns 2, retaliatory headbutt
a: Renounce Religion, Shatter the Chains


You were in a Gauntlet.
You worshipped Ashenzari.
Ashenzari was extremely pleased with you.
You visited 2 branches of the dungeon, and saw 13 of its levels.
You also visited: Gauntlet.

You collected 692 gold pieces.
You spent 266 gold pieces at shops.

Inventory:

Hand Weapons
 a - a +0 war axe
 z - a +2 hand axe of flaming
 E - a +2 hammer of holy wrath
 L - a +5 dire flail
 P - a +0 war axe
 V - the +8 mace of the Shifting Gods (weapon) {venom, rPois rC+}
   (You found it on level 8 of the Dungeon)

   It poisons the flesh of those it strikes.
   rC:        It protects you from cold.
   rPois:     It protects you from poison.
Missiles
 j - 16 boomerangs (quivered)
 n - 67 poisoned darts
 K - a curare-tipped dart
Armour
 b - the cursed +1 pair of boots "Chained With Me" (worn) {Cun, Elem}
   (You found it on level 7 of the Dungeon)

   It has a curse which improves the following skills: Cunning: Dodging and
   Stealth.
   Elements:  Fire Magic, Ice Magic, Air Magic and Earth Magic.
 c - the cursed +0 buckler of Curses and Power (worn) {Elem, Evo}

   It has a curse which improves the following skills: Elements: Fire Magic, Ice
   Magic, Air Magic and Earth Magic.
   Evocations: Evocations.
 f - the cursed +0 chain mail of Ashenzari's Pleiades (worn) {Evo, Bglg}
   (You found it on level 1 of the Dungeon)

   It has a curse which improves the following skills: Evocations: Evocations.
   Beguiling: Conjurations, Hexes and Translocations.
 s - the cursed +0 pair of gloves of Ashenzari's Adversity (worn) {Alch, Self}
   (You found it on level 1 of the Dungeon)

   It has a curse which improves the following skills: Alchemy: Poison Magic and
   Transmutations.
   Introspection: Fighting and Spellcasting.
 C - the cursed +2 cloak "Share My Seer" (worn) {Comp, Melee}
   (You found it on level 4 of the Dungeon)

   It has a curse which improves the following skills: Companions: Summonings
   and Necromancy.
   Melee Combat: Short Blades, Long Blades, Axes, Maces & Flails, Polearms,
   Staves and Unarmed Combat.
 M - a +1 hat of intelligence (worn)
Jewellery
 u - the cursed amulet "Cryptic Seeker" (around neck) {Regen+, Melee, Fort}
   (You took it off a kobold on level 3 of the Dungeon)

   [amulet of regeneration]

   Regen:     It increases your rate of health regeneration.
   It has a curse which improves the following skills: Melee Combat: Short
   Blades, Long Blades, Axes, Maces & Flails, Polearms, Staves and Unarmed
   Combat.
   Fortitude: Armour and Shields.
 w - the cursed ring "Adversity of Ashenzari" (left hand) {Will+, Evo, Elem}
   (You found it on level 3 of the Dungeon)

   [ring of willpower]

   Will:      It increases your willpower.
   It has a curse which improves the following skills: Evocations: Evocations.
   Elements:  Fire Magic, Ice Magic, Air Magic and Earth Magic.
 G - the cursed ring of the Unyielding Gaze (right hand) {rCorr, Fort, Comp}
   (You found it on level 5 of the Dungeon)

   [ring of resist corrosion]

   rCorr:     It protects you from acid and corrosion.
   It has a curse which improves the following skills: Fortitude: Armour and
   Shields.
   Companions: Summonings and Necromancy.
 N - the ring of Midnight {rF+ rC++ Dex+2}
   (You found it in a Gauntlet)

   [ring of protection from fire]

   Dex:       It affects your dexterity (+2).
   rF:        It protects you from fire.
   rC:        It greatly protects you from cold.
 S - an amulet of faith
 W - a ring of positive energy
 Y - an amulet of reflection
Wands
 y - a wand of iceblast (6)
 J - a wand of light (14)
Scrolls
 e - 9 scrolls of teleportation
 g - 8 scrolls of immolation
 h - 3 scrolls of vulnerability
 i - 4 scrolls of poison
 q - 2 scrolls of brand weapon
 x - 3 scrolls of amnesia
 A - 3 scrolls of summoning
 F - 3 scrolls of fog
 H - 4 scrolls of fear
 I - 2 scrolls of enchant armour
 U - 3 scrolls of blinking
Potions
 d - 3 potions of might
 k - a potion of ambrosia
 l - a potion of flight
 m - 3 potions of cancellation
 o - 4 potions of curing
 p - 3 potions of haste
 r - 3 potions of attraction
 t - 2 potions of invisibility
 v - a potion of resistance
 B - 2 potions of lignification
 D - 4 potions of heal wounds
 Q - a potion of berserk rage
 X - 3 potions of magic


   Skills:
 - Level 9.6(11.9) Fighting
 + Level 17.9(21.1) Axes
 - Level 5.0 Throwing
 - Level 6.5(10.0) Armour
 - Level 3.3(5.3) Dodging
 - Level 5.0(8.3) Shields
 - Level 7.0(11.5) Evocations


You had 11 spell levels left.
You didn't know any spells.
Your spell library contained the following spells:

 Spells                   Type           Power      Damage    Failure   Level
 Necrotise                Necr           0%         1d4       91%         1
 Slow                     Hex            0%         N/A       93%         1
 Static Discharge         Conj/Air       0%         3-3/arc   97%         2
 Blink                    Tloc           0%         N/A       98%         2
 Call Canine Familiar     Summ           0%         N/A       100%        3
 Confusing Touch          Hex            0%         N/A       100%        3
 Lesser Beckoning         Tloc           0%         N/A       100%        3
 Portal Projectile        Hex/Tloc       0%         N/A       100%        3
 Summon Guardian Golem    Hex/Summ       0%         N/A       100%        3
 Vampiric Draining        Necr           0%         2d6       100%        3
 Corpse Rot               Necr/Pois/Air  0%         N/A       100%        4
 Dispel Undead            Necr           0%         3d6       100%        4
 Leda's Liquefaction      Hex/Erth       0%         N/A       100%        4
 Agony                    Necr           0%         N/A       100%        5
 Fireball                 Conj/Fire      0%         3d3       100%        5
 Lightning Bolt           Conj/Air       0%         1d11      100%        5
 Manifold Assault         Tloc           0%         N/A       100%        5
 Summon Forest            Summ/Tloc      0%         N/A       100%        5
 Death Channel            Necr           0%         N/A       100%        6
 Eringya's Noxious Bog    Tmut/Pois      0%         N/A       100%        6
 Starburst                Conj/Fire      0%         6d3       100%        6
 Orb of Destruction       Conj           0%         9d5       100%        7
 Spellforged Servitor     Conj/Summ      0%         N/A       100%        7
 Summon Hydra             Summ           0%         N/A       100%        7
 Ignition                 Fire           0%         3d3       100%        8
 Maxwell's Capacitive Co  Air            0%         ∞         100%        8


Dungeon Overview and Level Annotations

Branches:
Dungeon (12/15)            Temple (1/1) D:5            Lair (0/5) D:9
    Orc (0/2) D:10        Gauntlet (1/1)

Altars:
Ashenzari
Cheibriados
Dithmenos
Elyvilon
Fedhas
Gozag
Hepliaklqana
Kikubaaqudgha
Makhleb
Nemelex Xobeh
Okawaru
Qazlal
Ru
Sif Muna
Trog
Uskayaw
Vehumet
Wu Jian
Xom
Yredelemnul
Zin
The Shining One

Shops:
D:5 ?

Annotations:
D:7 2 transporters, exclusion: ice statue, wingedge's ghost, novice HuWn
D:8 exclusion: door Gauntlet 8 transporters


Innate Abilities, Weirdness & Mutations

You have a pair of horns on your head.
You reflexively headbutt those who attack you in melee.


Message History

You headbutt the minotaur, but do no damage.
The minotaur is heavily wounded.
The minotaur unwields a +5 arbalest of freezing.
The minotaur wields the +7 Singing Sword {vorpal, sonic wave}.
The minotaur closely misses you. You furiously retaliate!
You headbutt the minotaur, but do no damage.
The minotaur gores you.
You catch the helpless minotaur completely off-guard!
You hit the minotaur.
The minotaur looks as sick as possible!
Your headbutt misses the minotaur.
The minotaur is heavily wounded.
The minotaur hits you but does no damage.
You block the minotaur's attack.
Unknown command.
You strike the helpless minotaur from behind!
You hit the minotaur but do no damage.
The minotaur looks as sick as possible!
The minotaur is heavily wounded.
You block the minotaur's attack. The minotaur gores you.
Unknown command.
You hit the minotaur.
The minotaur is heavily wounded.
The minotaur hits you with the +7 Singing Sword {vorpal, sonic wave}!!
* * * LOW HITPOINT WARNING * * *
x2 The minotaur barely misses you.
Unknown command.
You hit the minotaur.
The minotaur looks as sick as possible!
The minotaur is heavily wounded.
Unknown command.
You sock the minotaur!
The minotaur looks as sick as possible!
You headbutt the minotaur.
The minotaur is severely wounded.
The minotaur barely misses you. The minotaur gores you!
* * * LOW HITPOINT WARNING * * *
Unknown command.
You thump the minotaur!
The minotaur looks as sick as possible!
You headbutt the minotaur, but do no damage.
The minotaur is almost dead.
The minotaur hits you with the +7 Singing Sword {vorpal, sonic wave}!!
* * * LOW HITPOINT WARNING * * *
You die...

.##..≈# ##** ###
###..###.#*, ..#
.....##..##, #.#
###..#..... #.#
.:#..#...##.##.#######
#[#.8#.©.##....#.#≈≈≈#
.##..#...##.##.#.#.≈≈#
#©#.∩#.©....##.'...∩≈#
.##..#...##.##.#@#.≈≈#
#Z#.8#.©.##....#H#≈≈≈#
BZ#..#...##.##.##### *
###..#......##.#####
.....##..##.##.###
###..###.##....###
..#..≈############
#.#..## ##########
#(#..≈# #########


You could see a minotaur (unable to see you, extremely poisoned).

Vanquished Creatures
  A hell beast (Gauntlet)
  4 two-headed ogres
  A deep elf pyromancer (D:12)
  2 cyclopes
  An ice statue (D:10)
  A rust devil (Gauntlet)
  2 gargoyles
  2 komodo dragons
  A kobold demonologist (D:12)
  4 trolls
  A hornet (D:9)
  Prince Ribbit (D:6)
  A raiju (Gauntlet)
  A ynoxinul (Gauntlet)
  2 yaks (D:9)
  A vampire (D:11)
  3 wyverns (D:8)
  4 steam dragons
  A warg (D:6)
  An acid dragon (D:9)
  2 water moccasins
  3 sky beasts
  2 ice beasts (D:8)
  3 black bears
  9 orc warriors
  10 ogres (D:6)
  6 centaurs
  A phantom (D:6)
  9 kobold brigands
  5 bullfrogs
  A necrophage (D:8)
  5 gnoll sergeants
  2 scorpions
  20 wights
  18 killer bees
  An electric eel (D:9)
  16 howler monkeys
  5 hounds
  11 orc priests
  3 gnoll boudas
  4 iron imps (Gauntlet)
  A jelly (D:6)
  Crazy Yiuf (D:7)
  2 iguanas (D:7)
  19 orc wizards
  15 gnolls
  7 adders
  A shadow imp (D:8)
  4 white imps
  An ufetubus (D:4)
  3 worms
  11 dart slugs
  56 orcs
  8 endoplasms
  2 giant cockroaches
  6 goblins
  6 hobgoblins
  2 jackals (D:2)
  35 kobolds
  8 quokkas
  7 ball pythons
  4 bats
  6 frilled lizards
  8 rats
384 creatures vanquished.

Vanquished Creatures (others)
  An orc (D:6)
  24 fungi
  53 plants
78 creatures vanquished.

Grand Total: 462 creatures vanquished

Notes
Turn   | Place    | Note
-------+----------+-------------------------------------------
     0 | D:1      | cdecastro the Minotaur Fighter began the quest for the Orb.
     0 | D:1      | Reached XP level 1. HP: 19/19 MP: 0/0
   130 | D:1      | Reached skill level 3 in Axes
   197 | D:1      | Reached XP level 2. HP: 19/26 MP: 1/1
   707 | D:2      | Reached skill level 4 in Axes
   714 | D:2      | Reached XP level 3. HP: 18/31 MP: 2/2
  1226 | D:2      | Identified the +3 ring mail of Terror {Regen+ Str-2 Slay-2
                  | SInv}
  1596 | D:2      | Reached skill level 5 in Axes
  1611 | D:2      | Reached XP level 4. HP: 39/39 MP: 3/3
  2284 | D:3      | Found a broken altar of Ashenzari.
  2407 | D:3      | Reached skill level 6 in Axes
  2786 | D:3      | Became a worshipper of Ashenzari the Shackled
  2871 | D:4      | Found a shimmering blue altar of Sif Muna.
  2963 | D:4      | Reached XP level 5. HP: 41/45 MP: 4/4
  3001 | D:4      | Reached skill level 7 in Axes
  3423 | D:4      | Found a hazy altar of Hepliaklqana.
  3445 | D:4      | Reached XP level 6. HP: 51/51 MP: 5/5
  3543 | D:4      | Reached skill level 8 in Axes
  4060 | D:5      | Entered Level 5 of the Dungeon
  4216 | D:5      | Noticed a water moccasin
  4228 | D:5      | Killed a water moccasin
  4229 | D:5      | Reached skill level 9 in Axes
  4229 | D:5      | Reached XP level 7. HP: 36/59 MP: 6/6
  4480 | D:5      | Found a staircase to the Ecumenical Temple.
  4487 | D:5      | Found Zesotif's Magic Scroll Shoppe.
  4491 | Temple   | Entered the Ecumenical Temple
  4555 | D:5      | Bought a scroll of immolation for 56 gold pieces
  4555 | D:5      | Bought a scroll of teleportation for 42 gold pieces
  4555 | D:5      | Bought a scroll of poison for 56 gold pieces
  4555 | D:5      | Bought a scroll of immolation for 56 gold pieces
  4555 | D:5      | Bought a scroll of immolation for 56 gold pieces
  4568 | D:5      | Found a glowing silver altar of Zin.
  4570 | D:5      | Found a shadowy altar of Dithmenos.
  4570 | D:5      | Found a shimmering altar of Xom.
  4570 | D:5      | Found a snail-covered altar of Cheibriados.
  4572 | D:5      | Found a burning altar of Makhleb.
  4813 | D:5      | Found an opulent altar of Gozag.
  4871 | D:5      | Found an iron altar of Okawaru.
  5083 | D:5      | Reached skill level 10 in Axes
  5482 | D:6      | Noticed Prince Ribbit
  5486 | D:6      | Reached skill level 5 in Fighting
  5579 | D:5      | Reached XP level 8. HP: 68/71 MP: 7/7
  5690 | D:6      | Killed Prince Ribbit
  6225 | D:6      | Reached skill level 11 in Axes
  6229 | D:6      | Reached XP level 9. HP: 81/85 MP: 8/8
  6525 | D:5      | Reached skill level 12 in Axes
  6628 | D:6      | Noticed a troll
  6645 | D:6      | Reached * piety under Ashenzari
  6896 | D:6      | Reached skill level 5 in Armour
  7087 | D:6      | Reached skill level 13 in Axes
  7093 | D:6      | Killed a troll
  7240 | D:6      | Reached skill level 14 in Axes
  7252 | D:6      | Reached skill level 1 in Evocations
  7325 | D:6      | Noticed a gargoyle
  7345 | D:6      | Killed a gargoyle
  7346 | D:6      | Reached XP level 10. HP: 69/94 MP: 9/9
  7851 | D:7      | Found a transporter.
  7851 | D:7      | Found a transporter.
  7853 | D:7      | Noticed a boulder beetle
  7853 | D:7      | Noticed wingedge's ghost (novice HuWn)
  7865 | D:7      | Noticed an ice statue
  8080 | D:7      | Reached ** piety under Ashenzari
  8633 | D:7      | Found a runed translucent door.
  8634 | D:7      | Noticed Crazy Yiuf
  8642 | D:7      | Killed Crazy Yiuf
  8821 | D:8      | Reached skill level 1 in Throwing
  8854 | D:8      | Identified the +0 ring mail of Time Monsters {rCorr}
  9178 | D:8      | Reached skill level 5 in Throwing
  9280 | D:8      | Reached skill level 5 in Shields
  9314 | D:8      | Reached skill level 15 in Axes
  9484 | D:8      | Reached *** piety under Ashenzari
  9599 | D:8      | Noticed a moth of wrath
  9602 | D:8      | Found a bloodstained altar of Trog.
  9602 | D:8      | Identified the +8 mace of the Shifting Gods {venom, rPois
                  | rC+}
  9971 | D:8      | Reached XP level 11. HP: 98/102 MP: 10/10
 10219 | D:9      | Reached skill level 1 in Dodging
 10262 | D:9      | Found a staircase to the Lair.
 10396 | D:9      | Reached **** piety under Ashenzari
 10815 | D:10     | Entered Level 10 of the Dungeon
 11030 | D:10     | Reached skill level 16 in Axes
 11055 | D:10     | Noticed a two-headed ogre
 11063 | D:10     | Killed a two-headed ogre
 11091 | D:10     | Found a glowing golden altar of the Shining One.
 11860 | D:10     | Reached skill level 17 in Axes
 11933 | D:10     | Found a staircase to the Orcish Mines.
 12066 | D:11     | Noticed a two-headed ogre
 12078 | D:11     | Killed a two-headed ogre
 12079 | D:11     | Reached skill level 5 in Evocations
 12228 | D:11     | Noticed a two-headed ogre
 12247 | D:11     | Killed a two-headed ogre
 12270 | D:11     | Noticed a two-headed ogre
 12307 | D:11     | Killed a two-headed ogre
 12525 | D:11     | Reached ***** piety under Ashenzari
 12611 | D:12     | Noticed a deep elf pyromancer
 12656 | D:12     | Reached XP level 12. HP: 97/112 MP: 11/11
 12703 | D:12     | Found a gate leading to a gauntlet.
 12747 | Gauntlet | Entered a Gauntlet
 12747 | Gauntlet | Found a transporter.
 12747 | Gauntlet | Found a transporter.
 12753 | Gauntlet | Found a transporter.
 12766 | Gauntlet | Found a transporter.
 12782 | Gauntlet | Found a transporter.
 12782 | Gauntlet | Found a transporter.
 12784 | Gauntlet | Found a transporter.
 12784 | Gauntlet | Found a transporter.
 12785 | Gauntlet | Found a transporter.
 12794 | Gauntlet | Identified the ring "Yshoat" {Fly Slay+2}
 12796 | Gauntlet | Found a transporter.
 12809 | Gauntlet | Identified the +0 pair of gloves "Seno" {rElec rC+}
 12811 | Gauntlet | Found a transporter.
 12816 | Gauntlet | Noticed a death scarab
 12816 | Gauntlet | Noticed a death scarab
 12820 | Gauntlet | Noticed a hell beast
 12821 | Gauntlet | Found a transporter.
 12822 | Gauntlet | Identified the ring of Midnight {rF+ rC++ Dex+2}
 12835 | Gauntlet | Found a transporter.
 12854 | Gauntlet | Found a transporter.
 12854 | Gauntlet | Found the necklace of Bloodlust {*Rage Will++ Int-3 Slay+6}
 13252 | Gauntlet | Killed a hell beast
 13322 | Gauntlet | Noticed a minotaur
 13335 | Gauntlet | HP: 2/112 [minotaur/the +7 Singing Sword {vorpal, sonic
                  | wave} (19)]
 13335 | Gauntlet | Slain by a minotaur

Illustrated notes

Levels and vault maps discovered:
D:1:      spicycebolla_arrival_ecumenical, layout_rooms
D:2:      layout_basic
D:3:      minmay_recursive_quarters, layout_loops_ring,
          mainiacjoe_overflow_alcove_1, amcnicky_mini_rare_corridor_liquid,
          hangedman_abyss_or_decor_stabs
D:4:      kennysheep_slugbush, layout_basic, mainiacjoe_overflow_cross_hatched,
          mainiacjoe_overflow_alcove_4, serial_rivers,
          chequers_serial_rivers_micro_e, chequers_serial_rivers_large_a,
          chequers_serial_rivers_micro_b, chequers_serial_rivers_micro_e
D:5:      layout_gridville, okawaru_altar_gauntlet_db,
          grunt_temple_overflow_open, minmay_temple_entry_junction,
          serial_shops, shop
D:6:      lemuel_castle_with_subvaults [lemuel_castle_interior_original],
          layout_basic, minmay_misc_feat_columns, dreamdust_mushroom_princess,
          uniq_prince_ribbit1
D:7:      layout_loops_ring, nzn_ghost_randoct, minivault_25,
          nicolae_grassy_gnolls, uniq_crazy_yiuf_cottage
D:8:      kennysheep_windowed_halls, layout_basic, tgw_trog
D:9:      layout_basic, grunt_lair_entry_orc_guard_hut
D:10:     layout_basic, marbit_many_paths, david_orc_4, minivault_16
D:11:     layout_roguey, minivault_11
D:12:     layout_basic, gauntlet_entry_generic
Temple:   nicolae_temple_ecumenical_triangle
Gauntlet: gammafunk_gauntlet_mixed_choke_point
          [minmay_gauntlet_arena_77_chump_sandwich,
          minmay_gauntlet_arena_77_double_cross,
          minmay_gauntlet_arena_77_tiled_triplets,
          gammafunk_gauntlet_arena_arrow_garden,
          minmay_gauntlet_arena_77_p_blocks, minmay_gauntlet_arena_77_braids,
          minmay_gauntlet_arena_77_checkered, gauntlet_exit_watery]

Skill      XL: |  1  2  3  4  5  6  7  8  9 10 11 12 |
---------------+-------------------------------------+-----
Axes           | 3 4 5 6 7 9 10 11 14 15 17 | 17.9
Fighting       | 6 9 |  9.6
Armour         | 5 6 |  6.5
Evocations     | 2 4 7 |  7.0
Throwing       | 5 |  5.0
Shields        | 5 |  5.0
Dodging        | 3 |  3.3

Action                   |  1- 3 |  4- 6 |  7- 9 | 10-12 || total
-------------------------+-------+-------+-------+-------++-------
Melee: War axe           |    76 |   164 |   227 |   223 ||   690
       Headbutt          |     8 |    21 |    57 |   120 ||   206
       Punch             |       |     1 |     1 |     2 ||     4
       Mace              |       |       |       |   374 ||   374
Invok: Curse Item        |       |     1 |     1 |     6 ||     8
  Use: Scroll            |       |       |       |     1 ||     1
       Potion            |       |       |       |     1 ||     1
 Stab: Invisible         |       |       |       |     4 ||     4
Armor: Scale mail        |     8 |       |       |       ||     8
       Chain mail        |    44 |   104 |   125 |   296 ||   569
Dodge: Dodged            |    43 |    53 |    94 |   228 ||   418
Block: Buckler           |       |       |       |    94 ||    94
